woodfighter, lawful female dwarven Priestess ----- --------- |....################ ------------- |.......-# ----------- |...| # |........>..| ####........|# |[[[[[[[[[| |...+# ###|............# # |.......|# |[[[[)[[[[| ---.-# #............|# ### |.......|# [[[@)[)[[ ### ---+---------# # |.......|# ..u.. ## # #### ----.----# -@- ### ### ## # # #f ## # ### ### # # `## # ## # # ### # # # #### # # # ### ### -.---- # # # # ######### #------.-- ---....---### # -------------.- ###-.-------- #|........########..........#######..............-####-`.......| #|.....%.| # |........| #|.............| |*.......| #.........####### |.........#######+.............| |........| |......#| ---...`--- |......<......| |........| --------- ----- --------------- ---------- woodfighter the Acolyte Experience level: 4 Strength: 15 Dexterity: 9 Constitution: 14 Intelligence: 17 Wisdom: 10 Charisma: 11 Health: 0(37) Energy: 23(23) Def: 4 Gold: 581 Moves: 2154 Dungeon seed: UsFUh40qbUj0uwjz Game ID: woodfighter_1554596963 Your Inventory: Coins $ - 581 gold pieces Weapons a - a blessed corroded +1 mace (weapon in hand) Armor e - a blessed +0 robe (being worn) n - a +0 small shield (being worn) r - a cursed -1 pair of fumble boots z - a +0 helm of telepathy (being worn) Comestibles d - 2 sprigs of wolfsbane o - 2 tripe rations p - a eucalyptus leaf q - an egg Scrolls s - a scroll of enchant weapon v - a scroll of taming w - a scroll of scare monster x - a scroll of identify y - a scroll of fire B - a blessed scroll of create monster F - a scroll of remove curse Spellbooks g - a spellbook of protection h - a spellbook of light i - a spellbook of healing Potions b - 4 potions of holy water m - a potion of confusion C - a potion of blindness E - a blessed potion of healing G - a potion of paralysis Wands f - a wand of cancellation (0:1) t - a wand of create monster (0:12) u - a wand of secret door detection (0:14) A - a wand of enlightenment (0:10) Tools j - a stethoscope Spells and supernatural/magical abilities: Name Level Category Fail Memory h - healing 1 healing 0% 90% l - light 1 divination 0% 90% p - protection 1 clerical 0% 90% W - pray for help -- divine ? -- X - turn undead -- divine ? -- Your skills at the end: Miscellaneous Skills shield [Basic] wands [Basic] Weapon Skills pick-axe [Basic] mace [Basic] Spellcasting Skills clerical spells [Basic] Final Attributes: You were fervently aligned. Your writing hand was ok. You were telepathic. You had infravision. You were stealthy. You are dead. Vanquished creatures: a puppy 2 floating eyes 2 iguanas a centipede 2 jitterbugs a coyote a gas spore 3 acid blobs a large kobold 3 geckos 2 giant rats 2 brown molds 2 yellow molds a gnome 6 manes 9 jackals a fox a kobold 5 newts a goblin 2 sewer rats 5 grid bugs 5 lichens 3 kobold zombies 62 creatures vanquished. Voluntary challenges: You did not adorn yourself with jewelry or accessories. You did not cause conflict. You were not invisible. You did not have reflection. You were not displaced. You had been an atheist until turn 1968. You used a wielded weapon 67 times, starting on turn 162. You did not use tools. You did not use plumbed fixtures. You did not drink any magical draughts. You were illiterate. You never genocided any monsters. You never polymorphed an object. You never changed form. You used no wishes. You never split a pudding. You never wrote Elbereth's name. You never violated your personal moral code. Dungeon overview: The Dungeons of Doom: levels 1 to 6 Level 1 a sink a long staircase Level 2 stairs to The Gnomish Mines Level 3 (water) Level 4 (box) a fountain Level 5 <- You were here an armor shop, a sink Level 6 The Gnomish Mines: Level 3 stairs to The Dungeons of Doom History has recorded: On T:1 you entered the Dungeons of Doom to retrieve the Amulet of Yendor! On T:53 you reached level 2 of The Dungeons of Doom. On T:159 you reached level 3 of The Dungeons of Doom. On T:519 you advanced to experience level 2. On T:580 you reached level 1 of The Gnomish Mines. On T:853 you advanced to experience level 3. On T:1008 you reached level 4 of The Dungeons of Doom. On T:1278 you reached level 5 of The Dungeons of Doom. On T:1301 you advanced to experience level 4. On T:1787 you reached level 6 of The Dungeons of Doom. On T:1968 you prayed to Mitra. On T:2154 you prayed to Mitra. Score breakdown: Gold: 581 ( 58 points) Experience: 4 levels ( 300 points) Exploration: 6 levels ( 150 points) Discoveries: 16 items ( 800 points) Variety of kills: 24 monsters ( 1200 points) Major goal: (nothing yet) ( 0 points) Survival: died (score multiplied by 3) Total score: 7524 Latest messages: The manes bites! You hit the manes. (2x) You destroy the manes! You stop exploring. You kill the gas spore! You are caught in the gas spore's explosion! You stop. Kitty is in the way! You displace kitty. The door resists! The door opens. "Hello, woodfighter! Welcome to Akhalataki's used armor dealership!" You stop exploring. You hit the pony. The pony kicks! The pony misses. You hit the pony. The pony misses. (2x) The pony kicks! The pony bites! You hit the pony! The pony kicks! The pony bites! You begin praying to Mitra. The pony kicks! You die... Akhalataki gratefully inherits all your possessions. Final status: Goodbye woodfighter the Priestess, killed by a pony, while praying... You died in The Dungeons of Doom on dungeon level 5 with 7524 points, and 581 pieces of gold, after 2154 moves. You were level 4 with a maximum of 37 hit points when you died.